AoeStats
← flynorc

Four Lakes

508295018Analyzed
1v1 RM · 10d ago on Sep 21, 2026· 37m 53s· 2 players
Game mode
Random Map
Map size
Tiny (2 player)
Population
200
Speed
Normal
Resources
Standard
Victory
Conquest
Starting age
Dark Age
Ending age
Imperial Age
RankedLock teamsTeams togetherTeam positionsShared explorationLock speedFull tech treeHidden civsTurbo modeCheats
Victory
Defeat
🇦🇹 Italians · Austria
1557
+18
🇺🇸 Jurchens · United States
1598
-18
flynorc
7:50 Loom
10:04 Feudal Age
12:12 Double-Bit Axe
16:51 Castle Age
15:51 Fletching
16:16 Fishing Lines
18:03 Medium Warships
24:27 Imperial Age
26:25 Ballistics
27:44 Chemistry
30:23 Bodkin Arrow
33:53 Bracer
34:53 Gillnets
35:52 Padded Archer Armor
35:16 Light Cavalry
38:11 Thumb Ring
38:35 Bloodlines
[GDL] Good_Guys
10:46 Feudal Age
14:21 Double-Bit Axe
14:40 Gold Mining
15:44 Fishing Lines
17:40 Loom
20:15 Castle Age
19:23 Fletching
19:34 Scale Mail Armor
19:39 Horse Collar
20:49 Forging
21:37 Bow Saw
22:41 Wheelbarrow
23:04 Iron Casting
24:54 Bloodlines
28:06 Husbandry
28:25 Stone Mining
29:32 Town Watch
30:05 Gillnets
30:44 Bodkin Arrow
30:50 Padded Archer Armor
33:35 Scale Barding Armor
36:51 Chain Barding Armor
Connection lost

Rejoining the realm…

Still unreachable

The connection could not be restored.

Session expired

The server has moved on; the page needs a fresh start.